 Dungeon Crawl Stone Soup version 0.30-b1-2-g02819fbbbe (webtiles) character file.

Game seed: 10343270331503249154

289 nightchill the Chopper (level 6, -1/56 HPs)
             Began as a Hill Orc Fighter on Sept 19, 2023.
             Slain by an ogre
             ... wielding a +0 giant club
              (12 damage)
             ... on level 4 of the Dungeon.
             The game lasted 00:03:44 (2846 turns).

nightchill the Chopper (Hill Orc Fighter)           Turns: 2846, Time: 00:03:45

Health: -1/56      AC: 10    Str: 21    XL:     6   Next: 31%
Magic:  6/6        EV:  7    Int:  8    God:
Gold:   146        SH:  4    Dex: 10    Spells: 5/5 levels left

rFire   . . .        a - +0 war axe
rCold   . . .        c - +0 buckler
rNeg    . . .        x - +0 chain mail
rPois   .            (no helmet)
rElec   .            (no cloak)
rCorr   .            (no gloves)
SInv    .            y - +0 pair of boots
Will    .....        (no amulet) Stlth
                     (no ring)
HPRegen 0.29/turn    (no ring)
MPRegen 0.10/turn

%: no passive effects
@: no status effects
A: no striking features
a: no special abilities


You were on level 4 of the Dungeon.
You visited 1 branch of the dungeon, and saw 4 of its levels.

You collected 146 gold pieces.

Inventory:

Hand Weapons
 a - a +0 war axe (weapon)
 s - the +9 war axe of Qazlal's Envy {chaos, rCorr Int-3 Dex+4}
   (You found it on level 3 of the Dungeon)

   Int:       It affects your intelligence (-3).
   Dex:       It affects your dexterity (+4).
   rCorr:     It protects you from acid and corrosion.
 A - a +0 antimagic dagger
Armour
 b - a +0 scale mail
 c - a +0 buckler (worn)
 x - a +0 chain mail (worn)
 y - a +0 pair of boots (worn)
Wands
 z - a wand of roots (11)
Scrolls
 e - 2 scrolls of identify {unknown}
 f - 3 scrolls of fog {unknown}
 g - a scroll of brand weapon {unknown}
 h - 2 scrolls of magic mapping {unknown}
 l - 3 scrolls of poison {unknown}
 n - a scroll of amnesia {unknown}
 p - a scroll of acquirement {unknown}
 q - a scroll of enchant weapon {unknown}
 r - a scroll of immolation {unknown}
 t - a scroll of teleportation {unknown}
 w - a scroll of noise {unknown}
Potions
 d - a potion of might
 i - a potion of attraction {unknown}
 j - 3 potions of brilliance {unknown}
 k - a potion of flight {unknown}
 m - a potion of ambrosia {unknown}
 o - 2 potions of curing {unknown}
 u - a potion of cancellation {unknown}
 v - a potion of lignification {unknown}


   Skills:
 + Level 5.5 Fighting
 * Level 7.2 Axes
 - Level 3.2 Armour
 - Level 3.2 Shields


You had 5 spell levels left.
You didn't know any spells.
Your spell library contained the following spells:

 Spells                   Type           Power      Damage    Failure   Level
 Sting                    Tmut/Pois      0%         1d3       98%         1
 Lesser Beckoning         Tloc           0%         N/A       99%         2
 Poisonous Vapours        Pois/Air       0%         N/A       99%         2
 Dazzling Flash           Conj/Hex       0%         N/A       100%        3
 Gell's Gravitas          Tloc           0%         N/A       100%        3
 Mephitic Cloud           Conj/Pois/Air  0%         N/A       100%        3
 Teleport Other           Tloc           0%         N/A       100%        3
 Olgreb's Toxic Radiance  Pois           0%         N/A       100%        4
 Agony                    Necr           0%         N/A       100%        5
 Freezing Cloud           Conj/Ice/Air   0%         6-21      100%        5
 Silence                  Hex/Air        0%         N/A       100%        5


Dungeon Overview and Level Annotations

Branches:
Dungeon (4/15)
 Temple: D:4-7

Altars:
Vehumet


Message History

You hit the orc.
The orc is severely wounded.
The orc barely misses you.
You hit the orc.
You kill the orc!
You hit the orc wizard. You block the orc wizard's attack.
You hit the orc wizard but do no damage.
The orc wizard is moderately wounded.
You slash the orc!
You kill the orc!
The orc wizard barely misses you.
The kobold throws a stone.
The stone closely misses you.
You slash the orc wizard!
You kill the orc wizard!
You block the kobold's attack.
Items here: )) [ ††.
You closely miss the kobold. You block the kobold's attack.
The kobold hits you but does no damage.
You slash the kobold!
You kill the kobold!
You hit the ogre.
The ogre is moderately wounded.
The ogre hits you with a +0 giant club!
You slash the ogre!
The ogre is heavily wounded.
The ogre hits you with a +0 giant club!!
* * * LOW HITPOINT WARNING * * *
You hit the ogre but do no damage.
The ogre is heavily wounded.
You hit the ogre.
The ogre is severely wounded.
The ogre hits you with a +0 giant club!
* * * LOW HITPOINT WARNING * * *
You slash the ogre!
The ogre is almost dead.
The ogre barely misses you.
You barely miss the ogre.
The ogre is almost dead.
The ogre hits you with a +0 giant club!
You die...

########....#.......#
#.
##....##....#.......#
#.
#...........+.......#
#.
+.....##....#.......#
##
##....##[...#.......#
##....#######......!#
.#....'.# #.......#
.#....#.# ##..)...+
####..### #..@...#
####..#### ##O#####
.........# #.
..)......# ..
..######## ...
..##.....# ....
.).#.....# ...#.
...#....##...##.
...'....#


You could see an ogre.

Vanquished Creatures
  2 jellies (D:4)
  An iguana (D:4)
  2 sleepcaps (D:4)
  2 orc wizards
  An adder (D:3)
  4 dart slugs
  6 orcs
  2 bats
  8 endoplasms
  3 giant cockroaches
  8 goblins
  3 hobgoblins
  6 jackals
  13 kobolds
  2 quokkas
  3 ball pythons
  4 frilled lizards (D:1)
  4 rats
74 creatures vanquished.

Notes
Turn   | Place    | Note
-------+----------+-------------------------------------------
     0 | D:1      | nightchill the Hill Orc Fighter began the quest for the
                  | Orb.
     0 | D:1      | Reached XP level 1. HP: 19/19 MP: 1/1
   166 | D:1      | Reached skill level 3 in Axes
   171 | D:1      | Reached XP level 2. HP: 20/27 MP: 2/2
   534 | D:1      | Reached skill level 4 in Axes
   579 | D:1      | Reached XP level 3. HP: 33/33 MP: 3/3
  1270 | D:3      | Identified the +9 war axe of Qazlal's Envy {chaos, rCorr
                  | Int-3 Dex+4}
  1333 | D:3      | Reached XP level 4. HP: 41/41 MP: 4/4
  1431 | D:3      | Found a radiant altar of Vehumet.
  1434 | D:3      | Reached skill level 5 in Axes
  2156 | D:4      | Reached XP level 5. HP: 29/47 MP: 5/5
  2296 | D:4      | Reached skill level 5 in Fighting
  2296 | D:4      | Reached skill level 6 in Axes
  2510 | D:4      | Reached XP level 6. HP: 18/56 MP: 6/6
  2708 | D:4      | Reached skill level 7 in Axes
  2846 | D:4      | Slain by an ogre

Illustrated notes

Levels and vault maps discovered:
D:1:      dpeg_arrival_pond, layout_basic, serial_curves, eino_curves_04,
          eino_curves_04, eino_curves_01, eino_curves_02,
          minmay_misc_feat_cross, minmay_bisected
D:2:      minmay_alternating_diamond, layout_rooms
D:3:      layout_loops_ring, nicolae_overflow_crystal_walls,
          grunt_decor_fettered, kennysheep_generic_room_9
D:4:      layout_gridville, nicolae_overflows_in_rows, grunt_ministairs_12

Skill      XL: |  1  2  3  4  5  6 |
---------------+-------------------+-----
Axes           | 3 4 5 6 7 |  7.2
Fighting       | 4 5 |  5.5
Armour         | |  3.2
Shields        | |  3.2

Action                     |  1- 3 |  4- 6 || total
---------------------------+-------+-------++-------
  Melee: War axe           |   117 |   111 ||   228
 Armour: Scale mail        |    72 |    25 ||    97
         Chain mail        |       |    11 ||    11
  Dodge: Dodged            |    46 |    49 ||    95
  Block: Buckler           |    23 |    25 ||    48
